 Dungeon Crawl Stone Soup version 0.28-a0-969-g2dcde036d2 (webtiles) character file.

Game seed: 6920577089151054038

262834 BinkBink the Warrior (level 19, -24/187 HPs)
             Began as a Minotaur Fighter on Dec 1, 2021.
             Was the Champion of Okawaru.
             Killed from afar by an acid blob (30 damage)
             ... with a splash of acid
             ... created by the Royal Jelly
             ... on level 4 of the Pits of Slime.
             The game lasted 02:17:23 (54459 turns).

BinkBink the Warrior (Minotaur Fighter)            Turns: 54459, Time: 02:17:23

Health: -24/187    AC: 11    Str: 22      XL:     19   Next: 23%
Magic:  18/18      EV: 15    Int:  3      God:    Okawaru [******]
Gold:   2555       SH: 10    Dex: 16 (17) Spells: 18/18 levels left

rFire   + . .      SeeInvis .   a - +7 scimitar (flame)
rCold   . . .      Faith    .   J - +2 buckler of the Doldrums {rF+ Regen+}
rNeg    . . .      Spirit   .   f - +9 plate armour {Will+}
rPois   +          Reflect  .   V - +0 hat {Will+}
rElec   .          Harm     .   h - +0 cloak {rPois}
rCorr   .          Rampage  .   E - +2 pair of gloves
Will    +++..      Rage     3%  e - +0 pair of boots
Stlth   ..........              F - amulet of the acrobat
HPRegen 1.21/turn               A - ring of poison resistance
MPRegen 0.16/turn               N - ring of flight

@: corroded, on berserk cooldown, flying, slowed, very slow
A: horns 2, retaliatory headbutt, berserk 2, deterioration 1, dopey 1, subdued
magic 1
}: 2/15 runes: barnacled, gossamer
a: Renounce Religion, Heroism, Finesse, Duel


You were on level 4 of the Pits of Slime.
You worshipped Okawaru.
Okawaru was exalted by your worship.
You visited 7 branches of the dungeon, and saw 37 of its levels.
You also visited: Sewer.

You collected 2759 gold pieces.
You spent 204 gold pieces at shops.

Inventory:

Hand Weapons
 a - a +7 scimitar of flaming (weapon)
 w - the +5 long sword "Voys Erer" {vorpal, +Blink Dex+3}
   (Okawaru gifted it to you on level 4 of the Spider Nest)

   It inflicts extra damage upon your enemies.
   Dex:       It affects your dexterity (+3).
   +Blink:    It lets you blink.
 D - a +2 long sword of freezing
 O - a +2 triple sword of electrocution
Missiles
 s - 6 throwing nets (quivered)
 Y - 6 boomerangs
Armour
 e - a +0 pair of boots (worn)
 f - a +9 plate armour of willpower (worn)
 h - a +0 cloak of poison resistance (worn)
 i - the +3 kite shield "Ynaomail" {+Inv}
   (You took it off Donald on level 1 of the Spider Nest)

   +Inv:      It lets you turn invisible.
 E - a +2 pair of gloves (worn)
 J - the +2 buckler of the Doldrums (worn) {rF+ Regen+}
   (You found it on level 1 of the Shoals)

   rF:        It protects you from fire.
   Regen:     It increases your rate of health regeneration.
 V - a +0 hat of willpower (worn)
Jewellery
 t - a ring of protection from cold
 A - a ring of poison resistance (left hand)
 B - a +4 ring of evasion
 C - a ring of resist corrosion
 F - an amulet of the acrobat (around neck)
 N - a ring of flight (right hand)
 Z - an amulet of reflection
Wands
 b - a wand of acid (4)
 n - a wand of flame (61)
 y - a wand of digging (14)
 I - a wand of iceblast (12)
 M - a wand of paralysis (7)
 Q - a wand of mindburst (4)
 X - a wand of polymorph (8)
Scrolls
 g - 4 scrolls of fear
 l - 5 scrolls of fog
 m - a scroll of brand weapon
 r - 4 scrolls of magic mapping
 x - 4 scrolls of noise
 z - 2 scrolls of amnesia
 K - 2 scrolls of silence
 L - 7 scrolls of identify
 R - a scroll of acquirement
Potions
 c - 2 potions of heal wounds
 d - 2 potions of might
 j - 8 potions of lignification
 k - 4 potions of haste
 o - a potion of berserk rage
 p - a potion of cancellation
 q - 4 potions of brilliance
 u - 4 potions of curing
 v - 7 potions of mutation
 H - 3 potions of flight
 P - 4 potions of magic
 S - 9 potions of ambrosia
 T - a potion of resistance
 U - 3 potions of invisibility
Miscellaneous
 W - a tin of tremorstones (2/2)


   Skills:
 + Level 20.4 Fighting
 + Level 20.3 Long Blades
 + Level 19.7 Armour
 * Level 17.5 Dodging
 - Level 1.2 Stealth
 + Level 16.5 Shields


You had 18 spell levels left.
You didn't know any spells.
Your spell library contained the following spells:

 Spells                   Type           Power      Damage    Failure   Level
 Apportation              Tloc           0%         N/A       98%         1
 Beastly Appendage        Tmut           0%         N/A       98%         1
 Magic Dart               Conj           0%         1d3       98%         1
 Sandblast                Erth           0%         2d4       98%         1
 Corpse Rot               Necr/Air       0%         N/A       99%         2
 Passwall                 Tmut/Erth      0%         N/A       99%         2
 Searing Ray              Conj           0%         2d4       99%         2
 Wereblood                Tmut           0%         N/A       99%         2
 Gell's Gravitas          Tloc           0%         N/A       100%        3
 Inner Flame              Hex/Fire       0%         N/A       100%        3
 Spider Form              Tmut/Pois      0%         N/A       100%        3
 Stone Arrow              Conj/Erth      0%         3d7       100%        3
 Teleport Other           Tloc           0%         N/A       100%        3
 Cause Fear               Hex            0%         N/A       100%        4
 Dispel Undead            Necr           0%         3d6       100%        4
 Fulminant Prism          Conj/Hex       0%         3d6       100%        4
 Leda's Liquefaction      Hex/Erth       0%         N/A       100%        4
 Lee's Rapid Deconstruct  Erth           0%         3d5*      100%        5
 Dispersal                Tloc           0%         N/A       100%        6
 Statue Form              Tmut/Erth      0%         N/A       100%        6
 Storm Form               Tmut/Air       0%         N/A       100%        7
 Discord                  Hex            0%         N/A       100%        8
 Lehudib's Crystal Spear  Conj/Erth      0%         10d2      100%        8
 Maxwell's Capacitive Co  Air            0%         ∞         100%        8
 Animate Skeleton         Necr           Unusable   N/A       N/A         1
 Summon Small Mammal      Summ           Unusable   N/A       N/A         1
 Animate Armour           Summ/Erth      Unusable   N/A       N/A         4
 Summon Lightning Spire   Summ/Air       Unusable   N/A       N/A         4
 Death Channel            Necr           Unusable   N/A       N/A         6

Dungeon Overview and Level Annotations

Branches:
Dungeon (15/15)            Temple (1/1) D:4            Lair (6/6) D:8
 Shoals (4/4) Lair:3       Spider (4/4) Lair:3        Slime (5/5) Lair:6
    Orc (2/2) D:12            Elf (0/3) Orc:2        Vaults (0/5) D:13
 Depths (0/4) D:15          Sewer (visited)

Altars:
Ashenzari
Cheibriados
Dithmenos
Elyvilon
Fedhas
Gozag
Hepliaklqana
Kikubaaqudgha
Makhleb
Nemelex Xobeh
Okawaru
Qazlal
Ru
Sif Muna
Trog
Uskayaw
Vehumet
Wu Jian
Xom
Yredelemnul
Zin
The Shining One
Beogh
Jiyva

Shops:
D:1 :   D:6 [*   D:11 *   Orc:2 [*:(

Portals:
Trove: D:10 (give horn of Geryon)

Annotations:
Slime:5 Royal Jelly


Innate Abilities, Weirdness & Mutations

You have a pair of horns on your head.
You reflexively headbutt those who attack you in melee.
You often lose your temper in combat.
Your body sometimes deteriorates upon taking damage.
You are dopey. (Int -2)
Your spells are a little easier to cast, but a little less powerful.


Message History

The floating eye gazes piercingly through you!
You shrug off the repeated paralysis!
The floating eye gazes piercingly through you!
You shrug off the repeated paralysis!
The acid blob spits acid at you. The splash of acid hits you!!
Your body deteriorates!
You feel clumsy. The acid corrodes you! The floating eye seems to glare at you.
The acid blob completely misses you.
There is a stone staircase leading up here.
The acid blob spits acid at you. The splash of acid hits you.
The floating eye seems to glare at you.
The floating eye gazes piercingly through you!
You suddenly lose the ability to move!
The acid blob spits acid at you. The splash of acid hits you!!
The floating eye gazes piercingly through you!
You shrug off the repeated paralysis!
The acid blob hits you!
* * * LOW HITPOINT WARNING * * *
You are splashed with acid!
* * * LOW HITPOINT WARNING * * *
The acid blob spits acid at you. The splash of acid hits you!!
* * * LOW HITPOINT WARNING * * *
The floating eye's stare focuses on you.
The acid blob spits acid at you. The splash of acid hits you!
* * * LOW HITPOINT WARNING * * *
The acid corrodes you!
You can move again.
You fly upwards.
There is a stone staircase leading down here.
Blink to where?
Press: ? - help, Dir - move target
As you read the scroll of blinking, it crumbles to dust.
The acid blob spits acid at you. The splash of acid hits you!!
You die...

.............#.........##
..........#.##..........##
............###..#.......#
..#..........#.......##.##
.....##......#.........##
..............#.........##
...............#.........##
..........................#
.......##.......@........## #
......##.................##.##
.......#.....................#
......#....#.............##.##
.....##..#.....G.........## #
....#.........J§..........##
..#...........G............#
..........................##
..........................#


You could see an acid blob and 2 floating eyes.

Vanquished Creatures
  Arachne (Spider:4)
  Jorgrun (Spider:1)
  Gastronok (D:8)
  10 acid blobs
  Agnes (Spider:3)
  A kraken (Shoals:4)
  Kirke (Spider:2)
  Ilsuiw (Shoals:4)
  An azure jelly (Slime:4)
  2 rockslimes
  Donald (Spider:1)
  An orc warlord (Orc:1)
  9 emperor scorpions
  Aizul (Spider:2)
  5 ghost moths
  An ironbound preserver (D:13)
  The ghost of Antent the Unseen, a journeyman OpBr of Gozag (Orc:1)
  A juggernaut skeleton (D:15)
  9 quicksilver oozes
  A minotaur (D:12)
  3 entropy weavers
  4 spark wasps
  4 merfolk javelineers (Shoals:4)
  5 merfolk impalers (Shoals:4)
  4 great orbs of eyes (Slime:1)
  4 boulder beetles
  4 catoblepae
  Erica (D:8)
  5 alligator snapping turtles
  7 hydras
  A centaur warrior (D:14)
  4 two-headed ogres
  A tengu warrior (D:15)
  3 merfolk avatars
  6 merfolk aquamancers
  2 satyrs (Shoals:3)
  10 death yaks
  The ghost of Lonelite the Thaumaturge, a journeyman DECj of Kikubaaqudgha (Lair:3)
  A vampire mage (D:15)
  3 orc high priests (Orc:2)
  18 skeletal warriors
  11 sea snakes
  A golden dragon zombie (D:15)
  A glowing orange brain (Slime:2)
  A lindwurm (shapeshifter) (D:14)
  9 orc knights
  13 harpies
  A sphinx zombie (D:15)
  20 orb spiders
  A necromancer (D:15)
  5 ugly things
  11 fauns
  37 wolf spiders
  8 orc sorcerers
  140 slime creatures
  21 manticores
  2 shining eyes
  12 merfolk sirens
  8 elephants
  2 moths of wrath
  2 cyclopes
  A fire giant skeleton (D:15)
  11 cane toads
  5 water nymphs
  9 black mambas
  3 torpor snails
  Maggie (D:8)
  2 kobold demonologists (D:10)
  A freezing wraith (D:9)
  An efreet (D:13)
  6 rime drakes
  13 komodo dragons
  18 demonic crawlers
  4 tengu conjurers
  9 trolls
  29 merfolk
  30 jumping spiders
  12 hornets
  A queen bee (Lair:3)
  3 meliai
  A hornet (shapeshifter) (D:15)
  2 polar bears (Lair:2)
  9 wind drakes
  13 blink frogs
  18 dream sheep
  9 snapping turtles
  40 yaks
  Sigmund (D:4)
  56 redbacks
  10 wyverns
  4 shadows
  2 vampires
  A hog (Spider:2)
  18 tarantellas
  7 water elementals
  4 basilisks
  3 humans (Spider:2)
  11 golden eyes
  8 wargs
  2 vampire mosquitoes
  3 acid dragons
  21 water moccasins
  Pargi (Sewer)
  Duvessa (D:5)
  2 black bears
  4 ice beasts
  30 orc warriors
  5 boggarts
  10 ogres
  2 necrophages (D:6)
  11 wolves
  18 centaurs
  3 phantoms
  6 kobold brigands
  12 bullfrogs
  A wyvern zombie (D:6)
  3 scorpions
  Dowan (D:5)
  A wyvern skeleton (D:5)
  35 killer bees
  5 wights (D:7)
  7 howler monkeys
  An electric eel (Spider:4)
  3 centaur zombies
  3 hounds
  A bullfrog zombie (D:5)
  10 jellies
  Crazy Yiuf (D:5)
  21 orc priests
  A centaur skeleton (D:3)
  3 iguanas
  18 orc wizards
  12 hell rats (Lair:5)
  A hound zombie (D:3)
  A hound skeleton (D:4)
  3 gnolls (D:6)
  A howler monkey skeleton (D:6)
  16 adders
  2 shadow imps
  2 white imps
  2 ufetubi
  2 adder skeletons (D:3)
  A dart slug (D:3)
  57 orcs
  17 bats
  3 endoplasms
  3 giant cockroaches
  6 goblins
  5 hobgoblins
  3 jackals (D:1)
  8 ball pythons
  A ball python skeleton (D:3)
  9 frilled lizards
  4 kobolds (D:1)
  A quokka skeleton (D:3)
  7 rats
  3 tentacles (Shoals:4)
1239 creatures vanquished.

Vanquished Creatures (others)
  A harpy (Shoals:4)
  A water elemental (Shoals:1)
  5 bushes (D:14)
  25 fungi
  61 plants
  10 tentacles (Shoals:4)
  3 withered plants (D:15)
106 creatures vanquished.

Grand Total: 1345 creatures vanquished

Notes
Turn   | Place    | Note
-------+----------+-------------------------------------------
     0 | D:1      | BinkBink the Minotaur Fighter began the quest for the Orb.
     0 | D:1      | Reached XP level 1. HP: 19/19 MP: 0/0
    45 | D:1      | Reached XP level 2. HP: 24/27 MP: 1/1
   162 | D:1      | Found Zoipt's Book Shop.
   246 | D:1      | Found a faded altar of an unknown god.
   454 | D:1      | Reached skill level 1 in Dodging
  1130 | D:2      | Reached XP level 3. HP: 33/33 MP: 2/2
  1403 | D:2      | Reached XP level 4. HP: 40/40 MP: 3/3
  1602 | D:3      | Found a glowing golden altar of the Shining One.
  1728 | D:3      | Reached XP level 5. HP: 46/47 MP: 4/4
  1761 | D:3      | Found a glowing drain.
  1788 | Sewer    | Entered a sewer
  1896 | Sewer    | Noticed Pargi
  1914 | Sewer    | Killed Pargi
  1915 | Sewer    | Reached XP level 6. HP: 46/53 MP: 5/5
  2273 | D:4      | Reached skill level 5 in Long Blades
  2421 | D:4      | Reached skill level 5 in Armour
  2569 | D:4      | Noticed Sigmund
  2590 | D:4      | Killed Sigmund
  2591 | D:4      | Reached skill level 5 in Fighting
  2591 | D:4      | Reached XP level 7. HP: 58/61 MP: 6/6
  2677 | D:4      | Found a staircase to the Ecumenical Temple.
  2767 | Temple   | Entered the Ecumenical Temple
  3056 | D:5      | Entered Level 5 of the Dungeon
  3241 | D:5      | Reached skill level 5 in Shields
  3621 | D:5      | Noticed Dowan
  3783 | D:5      | Reached XP level 8. HP: 57/68 MP: 7/7
  3882 | D:5      | Noticed Duvessa
  3968 | D:5      | Killed Duvessa
  3989 | D:5      | Killed Dowan
  4296 | D:5      | Reached skill level 5 in Dodging
  4614 | D:5      | Found a runed translucent door.
  4615 | D:5      | Noticed Crazy Yiuf
  4837 | D:6      | Reached XP level 9. HP: 75/75 MP: 8/8
  5008 | D:6      | Found Pupanac's General Store.
  5016 | D:6      | Bought a potion of curing for 39 gold pieces
  5016 | D:6      | Bought a scroll of noise for 13 gold pieces
  5344 | D:6      | Found Wirazof's Armour Shop.
  6635 | D:7      | Found an iron altar of Okawaru.
  7102 | D:8      | Found a staircase to the Lair.
  7164 | D:8      | Reached skill level 10 in Long Blades
  7736 | D:8      | Reached XP level 10. HP: 86/86 MP: 9/9
  7745 | D:8      | Noticed Erica
  7819 | D:8      | Killed Erica
  7947 | D:8      | Noticed Maggie
  7963 | D:8      | Killed Maggie
  8034 | D:8      | Noticed Gastronok
  8921 | D:7      | Became a worshipper of Warmaster Okawaru
  9263 | D:9      | Found a broken altar of Ashenzari.
  9286 | D:9      | Identified the +0 buckler "Uddoozag" {+Blink rN+ Will+}
  9322 | D:9      | HP: 3/88 [freezing wraith (19)]
  9326 | D:9      | Reached skill level 10 in Armour
  9983 | D:9      | Reached * piety under Okawaru
 10034 | D:10     | Entered Level 10 of the Dungeon
 10034 | D:10     | Found a glowing silver altar of Zin.
 10035 | D:10     | Noticed an angel
 10043 | D:10     | Found a shimmering altar of Xom.
 10220 | D:10     | Found a burning altar of Makhleb.
 10527 | D:10     | Reached ** piety under Okawaru
 10536 | D:10     | Reached skill level 1 in Stealth
 10539 | D:10     | Reached XP level 11. HP: 93/95 MP: 10/10
 10585 | D:10     | Noticed a two-headed ogre
 10627 | D:10     | Killed a two-headed ogre
 10935 | D:10     | Found a portal to a secret trove of treasure.
 11365 | D:11     | Found Siusada's General Store.
 11425 | D:11     | Bought a scroll of identify for 20 gold pieces
 11425 | D:11     | Bought a scroll of identify for 20 gold pieces
 11453 | D:11     | Reached *** piety under Okawaru
 11864 | D:11     | Noticed a two-headed ogre
 11879 | D:11     | Killed a two-headed ogre
 12478 | D:12     | Reached **** piety under Okawaru
 13048 | D:12     | Found a staircase to the Orcish Mines.
 13348 | D:12     | Noticed a two-headed ogre
 13354 | D:12     | Killed a two-headed ogre
 13355 | D:12     | Reached skill level 10 in Fighting
 13497 | D:12     | Found a runed translucent door.
 13860 | D:13     | Reached ***** piety under Okawaru
 14003 | D:13     | Noticed a skeletal warrior
 14021 | D:13     | Killed a skeletal warrior
 14022 | D:13     | Noticed a skeletal warrior
 14022 | D:13     | Noticed a skeletal warrior
 14052 | D:13     | Killed a skeletal warrior
 14053 | D:13     | Reached XP level 12. HP: 66/107 MP: 11/11
 14227 | D:13     | Noticed a two-headed ogre
 14511 | Orc:1    | Entered Level 1 of the Orcish Mines
 14660 | D:8      | Killed Gastronok
 14734 | D:5      | Killed Crazy Yiuf
 15424 | Orc:1    | Found a runed translucent gate.
 15424 | Orc:1    | Found a runed translucent gate.
 15438 | Orc:1    | Found a runed translucent gate.
 15438 | Orc:1    | Noticed Antent's ghost (journeyman OpBr)
 16049 | Orc:2    | Entered Level 2 of the Orcish Mines
 16062 | Orc:2    | Noticed an orc high priest
 16089 | Orc:2    | Noticed an orc high priest
 16092 | Orc:2    | Noticed an orc warlord
 16366 | Orc:1    | Received a gift from Okawaru
 16456 | Orc:1    | Reached skill level 10 in Dodging
 16787 | Orc:2    | Killed an orc high priest
 17092 | D:12     | Noticed a minotaur
 17117 | D:12     | Killed a minotaur
 17309 | D:13     | Identified the +4 falchion of the Destroying Fulmar {flame,
                  | rN+}
 17313 | D:12     | Received a gift from Okawaru
 17828 | D:13     | Identified the +1 robe "Mamm" {Harm Will- Str+7 Dex+3}
 17857 | D:13     | Found a gate to the Vaults.
 17857 | D:13     | Noticed an ironbound preserver
 18584 | D:13     | Killed a two-headed ogre
 18690 | D:13     | Reached XP level 13. HP: 78/117 MP: 12/12
 18849 | D:13     | Killed an ironbound preserver
 19160 | D:14     | Reached ****** piety under Okawaru
 19491 | Lair:1   | Entered Level 1 of the Lair of Beasts
 19844 | Lair:1   | Received a gift from Okawaru
 21199 | Lair:2   | Reached skill level 15 in Long Blades
 21861 | Lair:3   | Found a staircase to the Shoals.
 21879 | Lair:3   | Found a runed translucent door.
 21894 | Lair:3   | Received a gift from Okawaru
 22623 | Lair:3   | Found a hole to the Spider Nest.
 22729 | Lair:3   | Reached skill level 15 in Armour
 22863 | Lair:3   | Noticed Lonelite's ghost (journeyman DECj)
 23176 | Lair:3   | Killed Lonelite's ghost
 23357 | Lair:4   | Reached XP level 14. HP: 127/129 MP: 13/13
 23414 | Lair:4   | Received a gift from Okawaru
 24030 | Lair:4   | Identified a scroll of acquirement
 24062 | Lair:4   | Reached skill level 10 in Shields
 25524 | Lair:5   | Found a burning altar of Makhleb.
 26422 | Lair:6   | Entered Level 6 of the Lair of Beasts
 26760 | Lair:6   | Received a gift from Okawaru
 27458 | Lair:6   | Identified the +9 scimitar of Pride {flame, rPois rC+}
                  | (Okawaru gifted it to you on level 6 of the Lair of Beasts)
 27458 | Lair:6   | Received a gift from Okawaru
 27889 | Lair:6   | Reached XP level 15. HP: 86/139 MP: 14/14
 27896 | Lair:6   | Reached skill level 15 in Fighting
 28065 | Lair:6   | Found a staircase to the Slime Pits.
 28067 | Lair:6   | Found a viscous altar of Jiyva.
 29477 | D:14     | Identified the +6 hand axe of Collusion {pain, rElec rN+}
 30289 | D:14     | Received a gift from Okawaru
 30550 | D:15     | Entered Level 15 of the Dungeon
 31041 | D:15     | Found a staircase to the Depths.
 32787 | D:15     | Identified the +10 plate armour "Zemm" {rPois rF+ rN+
                  | Regen+} (Okawaru gifted it to you on level 15 of the
                  | Dungeon)
 32787 | D:15     | Received a gift from Okawaru
 33525 | Orc:1    | Killed an orc warlord
 33893 | Orc:2    | Found Zydio's Book Boutique.
 33935 | Orc:2    | Found Uryqian's Antique Armour Emporium.
 35719 | Orc:2    | Found Fiamacly's Antique Weapon Shoppe.
 35734 | Orc:2    | Found a staircase to the Elven Halls.
 35774 | Orc:2    | Found Hemiss's General Store.
 35795 | Orc:2    | Bought a scroll of enchant weapon for 112 gold pieces
 36407 | Spider:1 | Entered Level 1 of the Spider Nest
 38160 | Spider:1 | Reached XP level 16. HP: 151/151 MP: 15/15
 38677 | Spider:1 | Found a transporter.
 38678 | Spider:1 | Found a transporter.
 39005 | Spider:1 | Received a gift from Okawaru
 39181 | Spider:2 | Noticed Jorgrun
 39938 | Shoals:1 | Entered Level 1 of the Shoals
 39959 | Shoals:1 | Identified the +2 buckler of the Doldrums {rF+ Regen+}
 41183 | Shoals:2 | Received a gift from Okawaru
 42806 | Shoals:3 | Reached skill level 15 in Dodging
 43024 | Shoals:3 | Received a gift from Okawaru
 43278 | Shoals:4 | Entered Level 4 of the Shoals
 43936 | Shoals:4 | Noticed Ilsuiw
 44402 | Shoals:4 | Received a gift from Okawaru
 44528 | Shoals:4 | Reached XP level 17. HP: 162/162 MP: 16/16
 44563 | Shoals:4 | Noticed a kraken
 44597 | Shoals:4 | Killed a kraken
 44854 | Shoals:4 | Killed Ilsuiw
 45115 | Shoals:4 | Got a barnacled rune of Zot
 46074 | Orc:1    | Killed Antent's ghost
 46478 | Spider:2 | Identified the +3 kite shield "Ynaomail" {+Inv}
 46478 | Spider:2 | Noticed Donald
 46490 | Spider:1 | Killed Jorgrun
 46508 | Spider:1 | Killed Donald
 46846 | Spider:2 | Noticed Aizul
 46860 | Spider:2 | Killed Aizul
 46867 | Spider:2 | Identified the -7 pair of boots of the Stallion {rF+ Int+6}
                  | (Okawaru gifted it to you on level 2 of the Spider Nest)
 46867 | Spider:2 | Received a gift from Okawaru
 47001 | Spider:2 | Noticed Kirke
 47017 | Spider:2 | Killed Kirke
 48008 | Spider:3 | Reached XP level 18. HP: 174/174 MP: 14/17
 48152 | Spider:3 | Reached skill level 15 in Shields
 48295 | Spider:3 | Noticed Agnes
 48309 | Spider:3 | Killed Agnes
 48487 | Spider:4 | Entered Level 4 of the Spider Nest
 48678 | Spider:4 | Noticed Arachne
 48688 | Spider:4 | Killed Arachne
 49117 | Spider:4 | Identified the +5 long sword "Voys Erer" {vorpal, +Blink
                  | Dex+3} (Okawaru gifted it to you on level 4 of the Spider
                  | Nest)
 49117 | Spider:4 | Received a gift from Okawaru
 49627 | Spider:4 | Identified the +4 battleaxe of Dissolution {freeze, rPois
                  | rF+ rC+ rN+}
 49812 | Spider:4 | Got a gossamer rune of Zot
 50288 | Slime:1  | Entered Level 1 of the Pits of Slime
 50354 | Slime:1  | Gained mutation: You tend to lose your temper in combat. [a
                  | shining eye]
 50416 | Slime:1  | Received a gift from Okawaru
 52761 | Slime:2  | You are sucked into a shaft and drop 1 floor!
 52898 | Slime:2  | Received a gift from Okawaru
 53402 | Slime:4  | Reached XP level 19. HP: 185/185 MP: 18/18
 53407 | Slime:4  | Received a gift from Okawaru
 53912 | Slime:5  | Entered Level 5 of the Pits of Slime
 54025 | Slime:5  | Gained mutation: You are dopey. (Int -2) [a shining eye]
 54119 | Slime:5  | Gained mutation: You often lose your temper in combat. [a
                  | shining eye]
 54198 | Slime:5  | Gained mutation: Your spells are a little easier to cast,
                  | but a little less powerful. [a shining eye]
 54200 | Slime:5  | Gained mutation: Your body sometimes deteriorates upon
                  | taking damage. [a shining eye]
 54420 | Slime:5  | Noticed the Royal Jelly
 54443 | Slime:5  | Paralysed by a floating eye for 3 turns
 54448 | Slime:5  | Paralysed by a floating eye for 2 turns
 54454 | Slime:5  | Paralysed by a floating eye for 4 turns
 54457 | Slime:5  | HP: 2/187 [acid blob/splash of acid[the Royal Jelly] (16)]
 54459 | Slime:4  | Killed from afar by an acid blob

Illustrated notes

Levels and vault maps discovered:
D:1:      roderic_crossed_star, layout_basic, shapermc_ecumenical_altar_venn,
          serial_shops, nicolae_shop_waterfront
D:2:      layout_rooms, minmay_shallow_snake_nest
D:3:      layout_rooms, tso_metal_star, serial_undead, serial_undead_c,
          serial_undead_d, serial_undead_a, serial_undead_e,
          gup_sewer_entry_glass
D:4:      layout_rooms, temple_hall, uniq_sigmund
D:5:      layout_cave_pools, uniq_duvessa, uniq_crazy_yiuf_cottage
D:6:      cheibrodos_iron_armory, layout_loops_ring, serial_glass,
          glass_columns_a, glass_columns_b, serial_shops, nicolae_shop_stone,
          nicolae_shop_trees, kennysheep_generic_room_6
D:7:      layout_basic, general_overflow_altar, minmay_misc_feat_doors
D:8:      layout_loops_ring, lair_entry_dummy, blue_anna_alchemist,
          uniq_gastronok, uniq_erica, uniq_maggie
D:9:      layout_stronghold, ashenzari_altar_1
D:10:     layout_loops_corners, grunt_temple_overflow_order_and_chaos_1,
          lightli_temple_of_fire, nicolae_trove_entry_isolated
D:11:     layout_basic, serial_shops, nicolae_stop_n_shop_1, minmay_hedge_maze,
          kennysheep_generic_room_12
D:12:     dreamdust_labyrinth, layout_loops_ring, minmay_orc_entry_temple_small
D:13:     layout_gridville, skrybe_vaults_entry_preservation, minivault_27
D:14:     layout_loops_ring, serial_park_square1 [serial_park_minivault_5x5_4]
D:15:     gammafunk_depths_entry_grave, layout_basic, nicolae_two_hexagons
Temple:   eino_temple_rhombus
Lair:1:   layout_cave_pods, beast_lair_carwin_7
Lair:2:   layout_long_grid, minivault_27, serial_bayou_shore_b
Lair:3:   layout_roguey [special_room_bee], elwin_shoals_entry_stream,
          nicolae_spider_entry_orb_guardian, hellmonk_ghost_happy_afterlife,
          lemuel_fruit_tree, grunt_megastairs_3
Lair:4:   nzn_winding_woodlands_cross [nzn_winding_woodlands_5x15_crooked,
          nzn_winding_woodlands_5x15_pool, nzn_winding_woodlands_5x15_jagged,
          nzn_winding_woodlands_5x15_default,
          nzn_winding_woodlands_15x15_boxy_spiral], layout_loops_ring
Lair:5:   layout_roguey [special_room_mythical_zoo], lemuel_centaur_altar
Lair:6:   evilmike_catoblepas_cave, layout_big_grid, slime_altar_1
Shoals:1: layout_shoals
Shoals:2: layout_shoals
Shoals:3: layout_shoals
Shoals:4: shoals_end_hangedman, layout_shoals, shoals_ilsuiw_ice,
          nicolae_shoals_seven_spires
Spider:1: gammafunk_boulding_lane
Spider:2: nicolae_spider_corner, nicolae_spider_eight_legs, uniq_jorgrun,
          uniq_aizul, uniq_kirke, uniq_donald
Spider:3: nicolae_spider_mines_1, uniq_agnes
Spider:4: guppyfry_spider_rune, uniq_arachne
Slime:1:  layout_caves
Slime:2:  layout_caves
Slime:3:  layout_caves
Slime:4:  layout_caves, nicolae_slime_welcoming_committee
Slime:5
Orc:1:    layout_caves, gammafunk_ghost_split
Orc:2:    grunt_orc_gardens, layout_diamond_mine, grunt_orc_garden,
          grunt_orc_garden, grunt_orc_garden, grunt_orc_garden, roderic_batcave,
          lightli_orcish_oven

Skill      XL: |  1  2  3  4  5  6  7  8  9 10 11 12 13 14 15 16 17 18 |
---------------+-------------------------------------------------------+-----
Dodging        | 1 2 3 4 5 6 7 9 10 11 13 14 15 16 17 | 17.5
Fighting       | 4 5 6 7 8 10 11 13 14 16 17 18 20 | 20.4
Armour         | 4 5 6 8 9 10 11 13 15 16 17 18 19 | 19.7
Shields        | 4 5 6 7 8 9 10 11 13 14 16 | 16.5
Long Blades    | 3 4 5 6 8 10 11 13 14 15 16 17 18 19 20 | 20.3
Stealth        | 1 |  1.2

Action                   |  1- 3 |  4- 6 |  7- 9 | 10-12 | 13-15 | 16-18 | 19-21 || total
-------------------------+-------+-------+-------+-------+-------+-------+-------++-------
Melee: Long sword        |    84 |   107 |   345 |    16 |       |       |       ||   552
       Headbutt          |    11 |    17 |    82 |   150 |   365 |   632 |    64 ||  1321
       Scimitar          |       |       |       |   640 |  1408 |  2075 |   205 ||  4328
Invok: Heroism           |       |       |       |     1 |       |       |       ||     1
Evoke: Wand              |       |     1 |       |       |       |       |       ||     1
  Use: Potion            |       |       |     4 |     6 |     6 |     6 |       ||    22
       Scroll            |       |       |     6 |     9 |    18 |    13 |     3 ||    49
 Stab: Petrified         |       |       |       |       |     2 |       |       ||     2
       Distracted        |       |       |       |       |     1 |       |       ||     1
Armor: Scale mail        |    23 |       |       |       |       |       |       ||    23
       Plate armour      |    24 |    77 |   175 |   229 |   557 |  1068 |    70 ||  2200
Dodge: Dodged            |    50 |    49 |    84 |   271 |   721 |  1311 |    70 ||  2556
Block: Buckler           |    25 |    31 |    81 |   150 |   430 |  1032 |    67 ||  1816

Table legend: (Time is in decaauts)
 A = Elapsed time spent in this place.
 B = Non-inter-level travel time spent in this place.
 C = Inter-level travel time spent in this place.
 D = Time resting spent in this place.
 E = Time spent auto-exploring this place.
 F = Levels seen in this place.
 G = Mean time per level.
                   A        B        C        D        E       F      G
               +--------+--------+--------+--------+--------+-----+--------+
         Total |  53500 |  48960 |   4540 |      0 |  38442 |  38 | 1407.9 |
       Dungeon |  22726 |  20278 |   2448 |      0 |  16398 |  15 | 1515.1 |
        Temple |    259 |    164 |     95 |      0 |    151 |   1 |  259.0 |
          Lair |  11861 |  10960 |    901 |      0 |   9363 |   6 | 1976.8 |
        Shoals |   5481 |   5191 |    290 |      0 |   3590 |   4 | 1370.2 |
   Spider Nest |   4885 |   4556 |    329 |      0 |   3173 |   4 | 1221.2 |
    Slime Pits |   3583 |   3287 |    296 |      0 |   2266 |   5 |  716.6 |
  Orcish Mines |   4428 |   4249 |    179 |      0 |   3317 |   2 | 2214.0 |
         Sewer |    274 |    274 |      0 |      0 |    182 |   1 |  274.0 |
               +--------+--------+--------+--------+--------+-----+--------+

Top non-repeatable levels by time:
  Lair:3: 3985 daAuts
    D:12: 3810 daAuts
   Orc:1: 3582 daAuts
  Lair:6: 2225 daAuts
    D:13: 2196 daAuts
    D:14: 2132 daAuts
     D:7: 1972 daAuts
    D:15: 1745 daAuts
     D:8: 1743 daAuts
  Lair:4: 1711 daAuts
Shoals:4: 1707 daAuts
  Lair:5: 1692 daAuts
     D:5: 1639 daAuts
Spider:1: 1579 daAuts
    D:10: 1558 daAuts
